 Dungeon Crawl Stone Soup version 0.24-a0-725-gf1a930fc54 (webtiles) character file.

Game seed: 8580480890215941152, levelgen mode: deterministic

15516 Johnny the Geomancer (level 11, -6/74 HPs)
             Began as a Demigod Earth Elementalist on Oct 1, 2019.
             Shot with an arrow by a centaur (7 damage)
             ... on level 12 of the Dungeon.
             The game lasted 00:21:32 (12599 turns).

Johnny the Geomancer (Demigod Earth Elementalist)  Turns: 12599, Time: 00:21:33

Health: -6/74      AC:  6    Str: 11    XL:     11   Next: 70%
Magic:  10/29      EV: 12    Int: 35    God:
Gold:   768        SH:  0    Dex: 13    Spells: 16/29 levels left

rFire    . . .     SeeInvis .   t - +5 dire flail "Decs" {crush, rPois rC++ Int+10 Dex-3}
rCold    + + .     Gourm    .   (shield currently unavailable)
rNeg     . . .     Faith    .   m - +2 robe {MR+}
rPois    +         Spirit   .   (no helmet)
rElec    .         Reflect  .   J - +0 cloak
rCorr    .         Harm     .   (no gloves)
MR       ++...                  (no boots)
Stlth    ++........             (no amulet)
HPRegen  0.22/turn              y - ring of wizardry
MPRegen  0.21/turn              M - +1 ring of protection

@: very slightly contaminated
A: high mp 1
a: no special abilities


You were on level 12 of the Dungeon.
You were not hungry.

You visited 1 branch of the dungeon, and saw 12 of its levels.

You collected 768 gold pieces.

Inventory:

Hand Weapons
 t - the +5 dire flail "Decs" (weapon) {crush, rPois rC++ Int+10 Dex-3}
   (You took it off an orc warrior on level 10 of the Dungeon)

   It inflicts extra damage upon your enemies.
   It affects your intelligence (+10).
   It affects your dexterity (-3).
   It greatly protects you from cold.
   It protects you from poison.
Missiles
 b - 39 stones (quivered)
 K - 3 throwing nets
Armour
 c - a +0 troll leather armour
 m - a +2 robe of magic resistance (worn)
 E - a +0 buckler
 J - a +0 cloak (worn)
Jewellery
 n - an uncursed ring of ice
 y - a ring of wizardry (left hand)
 M - a +1 ring of protection (right hand)
Wands
 v - a wand of enslavement (1)
 w - a wand of iceblast (4)
 z - a wand of random effects (15)
 F - a wand of disintegration (15)
Scrolls
 a - 6 scrolls of enchant armour
 h - a scroll of noise
 i - 7 scrolls of amnesia
 j - 4 scrolls of remove curse
 k - 11 scrolls of teleportation
 o - 2 scrolls of blinking
 q - a scroll of fog
 A - a scroll of enchant weapon
 B - 2 scrolls of immolation
Potions
 e - a potion of agility {unknown}
 g - 2 potions of lignification
 l - 2 potions of brilliance
 p - 2 potions of degeneration
 r - 2 potions of mutation
 s - 2 potions of heal wounds
 x - a potion of haste {unknown}
 C - 2 potions of curing
 D - a potion of might {unknown}
Comestibles
 d - 12 rations


   Skills:
 - Level 1.7 Dodging
 - Level 1.7 Stealth
 + Level 9.8 Spellcasting
 - Level 0.8 Transmutations
 * Level 14.3 Earth Magic


You had 16 spell levels left.
You knew the following spells:

 Your Spells              Type           Power        Failure   Level  Hunger
a - Sandblast             Erth           ######       0%          1    None
b - Stone Arrow           Conj/Erth      ######       1%          3    None
c - Lee's Rapid Deconstr  Erth           #######...   1%          5    ##.....
d - Petrify               Tmut/Erth      ######..     1%          4    None

Your spell library contained the following spells:

 Spells                   Type           Power        Failure   Level  Hunger
 Animate Skeleton         Necr           N/A          1%          1    None
 Confusing Touch          Hex            ###...       1%          1    None
 Pain                     Necr           ###.         1%          1    None
 Passwall                 Tmut/Erth      ######..     1%          2    None
 Confuse                  Hex            ###.....     3%          3    None
 Gell's Gravitas          Tloc           ###.......   3%          3    None
 Regeneration             Chrm/Necr      ###.......   3%          3    None
 Vampiric Draining        Necr           ###.......   3%          3    None
 Animate Dead             Necr           N/A          11%         4    None
 Yara's Violent Unravell  Hex/Tmut       ###.......   24%         5    ##.....
 Metabolic Englaciation   Hex/Ice        ###.......   26%         5    ##.....


Dungeon Overview and Level Annotations

Branches:
Dungeon (12/15)            Temple (0/1) D:4            Lair (0/6) D:9
    Orc: D:9-12

Shops:
D:10 [

Annotations:
D:2 1 transporter
D:10 MalarOregon's ghost, novice DrTm


Innate Abilities, Weirdness & Mutations

You have an increased reservoir of magic. (+10% MP)


Message History

Evoke which item? (* to show all) (? for menu, Esc to quit)
Aiming: Iceblast
Press: ? - help, Shift-Dir - straight line The mass of ice explodes!
The iceblast engulfs the centaur!
The centaur is heavily wounded.
The centaur shouts! x2; You hear a shout!
A centaur comes into view.
The centaur wields a +0 shortbow.
The centaur shoots an arrow.
The arrow completely misses you.
The centaur wields a +0 shortbow.
The centaur shoots an arrow.
The arrow hits you!
* * * LOW HITPOINT WARNING * * *
The centaur wields a +0 shortbow.
The centaur shoots an arrow.
The arrow barely misses you.
Unknown command.
As you read the scroll of fear, it crumbles to dust.
You assume a fearsome visage.
The centaur looks frightened! x2
The centaur easily resists.
The centaur shoots an arrow.
The arrow hits you!
* * * LOW HITPOINT WARNING * * *
The centaur shoots an arrow.
The arrow hits you!
You die...

####+#### ### #))
#.......###.#####)
#.......'..#....).
#.......#.#.#.#)##
#........#...#....
#.......#.....#.#.
#.......#.≈≈≈.#...
#.......#≈...≈#.##
#@.....c#≈._.≈#.#.
#####+#.#≈...≈#.#'
#.≈≈≈.#.#.
#.....#.## .#...#.
. ## #


You could see a centaur.

Vanquished Creatures
  Harold (D:8)
  4 two-headed ogres
  A wolf spider zombie (D:12)
  An oklob plant (D:8)
  A manticore (D:11)
  Psyche (D:9)
  2 centaur skeletons
  2 trolls (D:12)
  Grinder (D:3)
  A queen bee (D:8)
  Prince Ribbit (D:9)
  7 slime creatures (D:12)
  9 yaks
  Grum (D:8)
  A wyvern (D:11)
  A hungry ghost (D:12)
  A warg (D:12)
  An ice beast (D:7)
  10 orc warriors
  A black bear (D:9)
  2 sky beasts
  2 ogres
  5 centaurs
  4 wolves (D:8)
  2 phantoms
  A crocodile (D:11)
  Blork the orc (D:5)
  7 bullfrogs
  A wyvern skeleton (D:10)
  2 scorpions
  13 killer bees (D:8)
  3 crimson imps
  A quasit (D:8)
  2 jellies
  15 orc priests
  Crazy Yiuf (D:7)
  A bullfrog skeleton (D:5)
  4 hounds
  A gnoll shaman (D:4)
  11 worker ants
  Ijyb (D:4)
  2 iguanas
  4 orc wizards
  2 hound skeletons (D:10)
  10 gnolls
  11 adders
  3 shadow imps
  3 oozes
  An adder skeleton (D:8)
  3 dart slugs
  7 leopard geckos
  31 orcs
  5 giant cockroaches
  10 hobgoblins
  10 jackals
  8 quokkas
  A ball python (D:7)
  5 bats
  8 frilled lizards
  6 goblins
  A jackal skeleton (D:5)
  7 kobolds
  A leopard gecko skeleton (D:4)
  9 rats
276 creatures vanquished.

Vanquished Creatures (collateral kills)
  A scorpion (D:9)
  An orc wizard (D:8)
  A hound zombie (D:7)
  An orc (D:7)
4 creatures vanquished.

Vanquished Creatures (others)
  2 yaks (D:9)
  A centaur (D:9)
  A killer bee (D:8)
  6 fungi (D:9)
  8 plants (D:9)
18 creatures vanquished.

Grand Total: 298 creatures vanquished

Notes
Turn   | Place    | Note
-------+----------+-------------------------------------------
     0 | D:1      | Johnny the Demigod Earth Elementalist began the quest for
                  | the Orb.
     0 | D:1      | Reached XP level 1. HP: 14/14 MP: 5/5
     6 | D:1      | Noticed a swamp drake
     6 | D:1      | Noticed a black bear
     6 | D:1      | Noticed a lindwurm
     6 | D:1      | Noticed a hog
   101 | D:1      | Reached skill level 3 in Earth Magic
   403 | D:1      | Reached XP level 2. HP: 13/20 MP: 5/7
  1311 | D:1      | Reached XP level 3. HP: 24/26 MP: 9/9
  1532 | D:2      | Found a transporter.
  1710 | D:2      | Found a stormy altar of Qazlal.
  1808 | D:2      | Reached skill level 4 in Earth Magic
  1883 | D:2      | Found an ornate altar of the Wu Jian Council.
  1905 | D:2      | Reached XP level 4. HP: 26/33 MP: 5/10
  2447 | D:3      | Noticed Grinder
  2464 | D:3      | Killed Grinder
  2464 | D:3      | Reached skill level 5 in Earth Magic
  2464 | D:3      | Reached XP level 5. HP: 38/38 MP: 5/13
  2464 | D:3      | Reached XP level 6. HP: 45/45 MP: 5/14
  3058 | D:4      | Learned a level 3 spell: Stone Arrow
  3063 | D:4      | Learned a level 4 spell: Petrify
  3109 | D:4      | Reached skill level 6 in Earth Magic
  3184 | D:4      | Found a bloodstained altar of Trog.
  3200 | D:4      | Found a burning altar of Makhleb.
  3248 | D:4      | Found a staircase to the Ecumenical Temple.
  3689 | D:4      | Reached XP level 7. HP: 48/50 MP: 8/16
  3829 | D:4      | Noticed Ijyb
  3832 | D:4      | Killed Ijyb
  4124 | D:5      | Entered Level 5 of the Dungeon
  4441 | D:5      | Reached skill level 7 in Earth Magic
  4458 | D:5      | Noticed Blork the orc
  4463 | D:5      | Killed Blork the orc
  5430 | D:6      | Reached skill level 5 in Spellcasting
  5430 | D:6      | Reached XP level 8. HP: 56/57 MP: 16/19
  5502 | D:6      | Reached skill level 8 in Earth Magic
  6252 | D:6      | Reached skill level 9 in Earth Magic
  6458 | D:7      | Found an ancient bone altar of Kikubaaqudgha.
  6592 | D:7      | Learned a level 5 spell: Lee's Rapid Deconstruction
  6806 | D:7      | Reached XP level 9. HP: 62/62 MP: 10/22
  7000 | D:7      | Found a runed translucent door.
  7001 | D:7      | Noticed Crazy Yiuf
  7249 | D:7      | Killed Crazy Yiuf
  7464 | D:8      | Found a sacrificial altar of Ru.
  7464 | D:8      | Noticed an oklob plant
  7468 | D:8      | Killed an oklob plant
  7468 | D:8      | Reached skill level 10 in Earth Magic
  7731 | D:8      | Noticed Grum
  7735 | D:8      | Killed Grum
  8196 | D:8      | Reached skill level 11 in Earth Magic
  8525 | D:8      | Reached XP level 10. HP: 69/69 MP: 18/25
  8622 | D:8      | Noticed Harold
  8630 | D:8      | Killed Harold
  9157 | D:9      | Noticed Psyche
  9160 | D:9      | Killed Psyche
  9160 | D:9      | Reached skill level 12 in Earth Magic
  9309 | D:9      | Noticed Prince Ribbit
  9313 | D:9      | Killed Prince Ribbit
  9603 | D:9      | Found a staircase to the Lair.
  9745 | D:9      | Found a shimmering altar of Xom.
  9746 | D:9      | Noticed a two-headed ogre
  9750 | D:9      | Killed a two-headed ogre
  9960 | D:10     | Entered Level 10 of the Dungeon
 10405 | D:10     | Found Pulu's Antique Armour Emporium.
 10502 | D:10     | Found a runed translucent gate.
 10502 | D:10     | Identified the +5 dire flail "Decs" {crush, rPois rC++
                  | Int+10 Dex-3}
 10502 | D:10     | Identified the +8 plate armour of Tuuxt {rPois MP-9 Dex+4
                  | Stlth+}
 10503 | D:10     | Noticed MalarOregon's ghost (novice DrTm)
 10503 | D:10     | Found a runed translucent gate.
 10504 | D:10     | Found a runed translucent gate.
 10510 | D:10     | Found a roughly hewn altar of Beogh.
 10782 | D:10     | Reached skill level 13 in Earth Magic
 10887 | D:10     | Reached XP level 11. HP: 21/74 MP: 22/28
 11131 | D:10     | Got a twisted plate armour
 11134 | D:10     | Got a pair of slimy boots
 11141 | D:10     | Identified the cursed -4 pair of boots "Riqyun" {rC+ SInv
                  | Stlth+} (You found it on level 10 of the Dungeon)
 11151 | D:10     | Identified the +7 plate armour of Syndicalism {rF+ rC+
                  | Regen+ Int-5} (You found it on level 10 of the Dungeon)
 11239 | D:11     | Noticed a two-headed ogre
 11242 | D:11     | Killed a two-headed ogre
 11290 | D:11     | Noticed a two-headed ogre
 11296 | D:11     | Killed a two-headed ogre
 12145 | D:12     | Found a sacrificial altar of Ru.
 12333 | D:12     | Noticed a two-headed ogre
 12340 | D:12     | Killed a two-headed ogre
 12340 | D:12     | Reached skill level 14 in Earth Magic
 12599 | D:12     | HP: 1/74 [centaur/arrow (9)]
 12599 | D:12     | Shot with an arrow by a centaur

Levels and vault maps discovered:
D:1:      onia_arrival_zoo_common, layout_loops_corners
D:2:      layout_rooms, gammafunk_temple_overflow_arena, lemuel_crystal_altar
D:3:      layout_rooms, grunt_ministairs_4, minivault_26, amethyst_killhole,
          uniq_grinder
D:4:      layout_cave_pods, lightli_temple_of_fire, overflow_temple_1_default,
          minmay_temple_entry_ruins, first_ration, uniq_ijyb
D:5:      layout_loops_corners, kennysheep_generic_room_12, uniq_blork_the_orc
D:6:      layout_basic
D:7:      layout_cave_pools, lemuel_round_altar, uniq_crazy_yiuf_cottage
D:8:      layout_loops_corners, david_nohive_1, lemuel_oklob_altar, uniq_harold,
          uniq_grum
D:9:      layout_loops_ring, old_standard_altar, grunt_lair_entry_orc_guard_hut,
          uniq_psyche, uniq_prince_ribbit1
D:10:     layout_roguey, biasface_ghost_orc_armoury, serial_shops,
          nicolae_shop_window_shopping
D:11:     layout_gridville
D:12:     layout_roguey, erik_orc_4, serial_shops, nicolae_shop_behind_doors,
          nicolae_shop_overgrown_old_shop, nicolae_ru_awakened_eye

Skill      XL: |  1  2  3  4  5  6  7  8  9 10 11 |
---------------+----------------------------------+-----
Earth Magic    | 3 4 5 6 7 9 11 13 14 | 14.3
Spellcasting   | 2 3 4 5 6 7 8 9 |  9.8
Dodging        | |  1.7
Stealth        | |  1.7
Transmutations | |  0.8

Action                   |  1- 3 |  4- 6 |  7- 9 | 10-12 || total
-------------------------+-------+-------+-------+-------++-------
Melee: Short sword       |    67 |    29 |    43 |     8 ||   147
       Unarmed           |     4 |       |       |       ||     4
       Dire flail        |       |       |       |    14 ||    14
Throw: Stone             |       |       |       |     1 ||     1
 Cast: Sandblast         |    33 |    63 |   128 |   111 ||   335
       Lee's Rapid Decon |       |       |    18 |    37 ||    55
       Stone Arrow       |       |       |     2 |     3 ||     5
       Petrify           |       |       |       |     1 ||     1
Evoke: Wand              |       |       |    17 |    11 ||    28
  Use: Potion            |     1 |     1 |     2 |       ||     4
       Scroll            |     1 |     3 |     2 |    16 ||    22
 Stab: Sleeping          |     7 |       |     1 |       ||     8
       Paralysed         |       |       |     6 |       ||     6
  Eat: Chunk             |     3 |     5 |    17 |    16 ||    41
       Ration            |       |       |     1 |       ||     1
Armor: Robe              |    16 |     8 |    11 |    20 ||    55
Dodge: Dodged            |    53 |    33 |    68 |    41 ||   195

Table legend:
 A = Non-vault XP
 B = Vault XP
 C = Vault XP percentage of total XP
 D = Non-vault monster count
 E = Vault monster count
 F = Vault count percentage of total count
                 A         B        C        D         E       F
            +---------+---------+-------+---------+---------+-------
      Total |   16149 |    6018 |  27.1 |     232 |      49 |  17.4
            +---------+---------+-------+---------+---------+-------
        D:1 |      52 |       0 |   0.0 |      27 |       0 |   0.0
        D:2 |      75 |       0 |   0.0 |      22 |       0 |   0.0
        D:3 |     137 |     307 |  69.1 |      16 |       3 |  15.8
        D:4 |     332 |      36 |   9.8 |      22 |       1 |   4.3
        D:5 |     376 |      99 |  20.8 |      10 |       1 |   9.1
        D:6 |    1074 |       0 |   0.0 |      27 |       0 |   0.0
        D:7 |     925 |      40 |   4.1 |      19 |       1 |   5.0
        D:8 |     832 |    3443 |  80.5 |      22 |      21 |  48.8
        D:9 |    1833 |    1313 |  41.7 |      13 |       7 |  35.0
       D:10 |    1746 |     493 |  22.0 |      17 |       9 |  34.6
       D:11 |    3270 |       0 |   0.0 |      12 |       0 |   0.0
       D:12 |    5497 |     287 |   5.0 |      25 |       6 |  19.4
            +---------+---------+-------+---------+---------+-------
